Map: Écho EC

Players

AgCl

  • Race: Protoss Protoss

Frederik - Winner!

  • Race: Protoss Protoss

VOD

Have the link to the VOD?

Description

Time

  • Played on: May 15, 2015, 7:59 p.m.
  • Length: 13:43
Show
View Real Time Build Order
Export as new Build Order

AgCl Protoss 

Build Orders:  

Get SALT Encoding   

  12  0:05  Probe  
  13  0:19  Probe  
  13  0:20  Pylon  
  14  0:38  Probe  
  15  0:47  Gateway  
  15  0:51  Probe  
  16  1:03  Probe  
  17  1:05  Assimilator  
  17  1:15  Probe  
  17  1:17  Pylon  
  18  1:27  Probe  
  19  1:39  Probe (Chrono Boost)  
  20  1:40  Cybernetics Core  
  20  1:43  Gateway  
  20  1:51  Probe (Chrono Boost)  
  20  1:52  Assimilator  
  21  1:59  Probe (Chrono Boost)  
  23  2:08  Probe  
  23  2:20  Probe  
  24  2:25  Warp Gate (Chrono Boost)  
  24  2:26  Adept (Chrono Boost)  
  26  2:35  Adept (Chrono Boost)  
  29  2:38  Mothership Core (Chrono Boost)  
  30  2:54  Pylon  
  30  3:02  Nexus  
  30  3:09  Pylon  
  30  3:15  Probe  
  30  3:16  Stargate  
  28  3:59  Probe  
  28  4:02  Oracle (Chrono Boost)  
  30  4:09  Robotics Facility  
  30  4:11  Gateway  
  30  4:12  Probe (Chrono Boost)  
  30  4:14  Twilight Council  
  30  4:15  Probe (Chrono Boost)  
  32  4:23  Probe (Chrono Boost)  
  34  4:25  Probe (Chrono Boost)  
  34  4:29  Probe (Chrono Boost)  
  32  4:34  Stalker  
  32  4:36  Stalker, Pylon  
  34  4:42  Probe (Chrono Boost)  
  34  4:44  Probe (Chrono Boost)  
  33  4:52  Probe (Chrono Boost)  
  35  4:57  Probe (Chrono Boost)  
  35  5:02  Phoenix  
  37  5:09  Probe (Chrono Boost)  
  37  5:14  Probe (Chrono Boost)  
  39  5:20  Dark Shrine  
  40  5:23  Probe (Chrono Boost)  
  40  5:26  Probe (Chrono Boost)  
  43  5:36  Probe (Chrono Boost)  
  43  5:37  Probe (Chrono Boost)  
  43  5:43  Probe  
  43  5:45  Probe  
  45  6:06  Probe (Chrono Boost)  
  45  6:07  Assimilator  
  45  6:09  Protoss Air Weapons Level 1, Assimilator  
  45  6:10  Probe (Chrono Boost)  
  48  6:18  Probe (Chrono Boost)  
  48  6:19  Fleet Beacon  
  48  6:21  Pylon  
  45  6:29  Probe (Chrono Boost)  
  46  6:35  Dark Templar  
  49  6:40  Probe (Chrono Boost)  
  49  6:41  Probe (Chrono Boost)  
  49  6:46  Gateway  
  50  6:49  Pylon  
  50  6:50  Probe (Chrono Boost)  
  52  6:54  Probe (Chrono Boost)  
  52  6:55  Nexus  
  52  6:57  Probe  
  52  6:58  Pylon  
  52  7:01  Forge  
  53  7:07  Observer  
  53  7:09  Dark Templar  
  46  7:23  Probe (Chrono Boost)  
  46  7:29  Probe (Chrono Boost)  
  46  7:33  Dark Templar, Probe (Chrono Boost)  
  49  7:40  Probe  
  49  7:41  Probe  
  51  7:52  Probe  
  51  7:55  Probe  
  51  7:57  Photon Cannon  
  53  7:58  Photon Cannon  
  53  8:03  Phoenix  
  53  8:06  Carrier (Chrono Boost)  
  56  8:20  Probe (Chrono Boost)  
  56  8:24  Probe (Chrono Boost)  
  56  8:25  Probe (Chrono Boost)  
  56  8:33  Probe  
  63  8:37  Probe  
  64  8:41  Probe, Assimilator  
  64  8:45  Probe (Chrono Boost)  
  64  8:47  Protoss Air Weapons Level 2 (Chrono Boost)  
  66  8:49  Probe (Chrono Boost)  
  66  8:52  Protoss Ground Weapons Level 1 (Chrono Boost)  
  68  8:58  Probe (Chrono Boost)  
  69  9:03  Probe (Chrono Boost)  
  69  9:05  Probe (Chrono Boost)  
  69  9:06  Carrier (Chrono Boost)  
  69  9:08  Probe (Chrono Boost)  
  70  9:13  Probe (Chrono Boost)  
  70  9:19  Photon Cannon  
  70  9:22  Probe x2, Pylon  
  70  9:24  Probe  
  73  9:26  Assimilator  
  79  9:38  Probe  
  80  9:46  Graviton Catapult (Chrono Boost)  
  80  9:49  Charge (Chrono Boost)  
  80  9:53  Stargate  
  80  9:54  Stargate  
  80  9:58  Observer  
  81  10:00  Probe  
  81  10:02  Dark Templar  
  81  10:06  Archon  
  84  10:18  Probe  
  84  10:19  Probe  
  84  10:20  Carrier (Chrono Boost)  
  86  10:22  Protoss Shields Level 1  
  86  10:23  Carrier (Chrono Boost)  
  98  10:50  Dark Templar  
  98  10:51  Pylon  
  100  11:06  Dark Templar  
  100  11:07  Protoss Air Weapons Level 3 (Chrono Boost)  
  100  11:14  Carrier (Chrono Boost)  
  100  11:18  Photon Cannon  
  100  11:21  Pylon  
  100  11:22  Pylon  
  100  11:29  Pylon  
  100  11:32  Pylon  
  100  11:33  Assimilator  
  100  11:34  Nexus  
  100  11:36  Pylon, Carrier (Chrono Boost)  
  106  11:43  Assimilator  
  112  12:04  Forge  
  112  12:07  Pylon  
  112  12:08  Gateway  
  112  12:09  Gateway  
  112  12:10  Gateway  
  112  12:11  Probe, Carrier (Chrono Boost)  
  113  12:18  Gateway  
  117  12:35  Dark Templar  
  117  12:42  Photon Cannon  
  106  13:16  Dark Templar  
  106  13:17  Dark Templar x3  
Show
View Real Time Build Order
Export as new Build Order

Frederik Protoss - Winner!

Build Orders: Oracle Opening, Oracle Opening 

Get SALT Encoding   

  12  0:01  Probe  
  13  0:14  Pylon  
  13  0:18  Probe  
  14  0:32  Probe (Chrono Boost)  
  14  0:34  Gateway  
  15  0:44  Probe (Chrono Boost), Assimilator  
  15  0:49  Assimilator  
  16  0:53  Probe (Chrono Boost)  
  17  1:03  Probe (Chrono Boost)  
  18  1:14  Probe (Chrono Boost)  
  18  1:16  Pylon  
  19  1:21  Probe (Chrono Boost)  
  20  1:26  Cybernetics Core  
  20  1:33  Probe  
  21  1:45  Probe  
  22  1:57  Probe (Chrono Boost)  
  23  2:03  Warp Gate  
  23  2:08  Probe (Chrono Boost)  
  24  2:17  Nexus  
  23  2:29  Stargate  
  23  2:38  Stalker (Chrono Boost)  
  23  2:42  Mothership Core  
  27  2:50  Pylon  
  29  3:06  Stalker (Chrono Boost), Probe  
  30  3:21  Probe (Chrono Boost)  
  30  3:22  Oracle (Chrono Boost)  
  34  3:31  Probe (Chrono Boost)  
  34  3:33  Probe (Chrono Boost)  
  36  3:37  Gateway  
  36  3:51  Probe (Chrono Boost)  
  35  3:56  Probe (Chrono Boost)  
  35  4:01  Probe (Chrono Boost)  
  35  4:02  Gateway  
  35  4:04  Gateway  
  35  4:05  Probe (Chrono Boost)  
  35  4:08  Probe (Chrono Boost)  
  38  4:20  Probe (Chrono Boost)  
  38  4:21  Probe (Chrono Boost)  
  38  4:22  Oracle  
  42  4:28  Probe x2 (Chrono Boost)  
  44  4:39  Probe x2 (Chrono Boost)  
  46  4:50  Assimilator  
  46  4:51  Probe (Chrono Boost)  
  46  4:52  Probe (Chrono Boost), Assimilator  
  48  4:56  Robotics Facility  
  48  4:59  Probe (Chrono Boost)  
  46  5:00  Pylon  
  46  5:06  Phoenix  
  45  5:11  Stalker  
  45  5:13  Sentry x2  
  51  5:17  Probe  
  51  5:18  Probe  
  53  5:32  Forge  
  53  5:35  Pylon  
  53  5:37  Pylon  
  53  5:38  Probe x2 (Chrono Boost)  
  53  5:50  Probe x2 (Chrono Boost)  
  53  5:56  Probe x2 (Chrono Boost)  
  55  5:59  Observer  
  53  6:07  Probe x2  
  53  6:08  Pylon  
  55  6:16  Protoss Ground Weapons Level 1 (Chrono Boost)  
  55  6:19  Twilight Council, Probe (Chrono Boost)  
  55  6:20  Probe (Chrono Boost)  
  57  6:38  Stalker x3  
  57  6:39  Probe (Chrono Boost)  
  64  6:41  Probe (Chrono Boost)  
  65  6:51  Sentry, Probe (Chrono Boost)  
  65  6:53  Probe (Chrono Boost)  
  69  6:58  Robotics Bay  
  69  7:11  Observer (Chrono Boost)  
  64  7:22  Blink (Chrono Boost)  
  64  7:27  Probe x2  
  63  7:39  Probe x2  
  63  7:42  Photon Cannon  
  65  7:45  Photon Cannon  
  70  7:51  Probe x2  
  70  7:55  Stalker x2  
  70  7:57  Disruptor (Chrono Boost)  
  75  8:03  Probe (Chrono Boost)  
  75  8:11  Probe (Chrono Boost), Protoss Ground Weapons Level 2 (Chrono Boost)  
  76  8:13  Probe (Chrono Boost)  
  76  8:17  Nexus  
  76  8:33  Pylon  
  76  8:42  Pylon x2  
  76  8:51  Probe  
  76  8:54  Pylon  
  81  8:57  Disruptor (Chrono Boost)  
  81  8:58  Pylon  
  81  9:01  Pylon  
  81  9:10  Stalker  
  81  9:11  Stalker x3  
  89  9:31  Robotics Facility  
  89  9:32  Probe  
  89  9:33  Probe  
  89  9:34  Probe  
  89  9:37  Pylon  
  92  9:39  Pylon  
  92  9:44  Probe, Assimilator  
  92  9:45  Probe  
  94  9:46  Probe, Assimilator  
  94  9:50  Stalker x3  
  94  9:51  Stalker  
  94  9:52  Disruptor (Chrono Boost)  
  107  9:54  Charge (Chrono Boost)  
  107  9:57  Templar Archives  
  107  10:09  Gateway  
  107  10:11  Gateway  
  107  10:18  Protoss Ground Weapons Level 3 (Chrono Boost)  
  107  10:25  Nexus  
  111  10:36  Immortal (Chrono Boost)  
  111  10:44  Pylon, Zealot x4  
  123  10:54  Immortal (Chrono Boost)  
  123  10:55  Probe x2  
  125  11:00  Psionic Storm  
  125  11:06  Gateway  
  125  11:08  Gateway, Observer (Chrono Boost)  
  125  11:11  Stalker  
  128  11:17  Observer Gravitic Boosters (Chrono Boost)  
  128  11:21  Observer (Chrono Boost)  
  129  11:26  High Templar x2  
  129  11:28  Zealot x3  
  129  11:30  Pylon  
  129  11:32  Archon  
  139  11:43  Pylon  
  138  11:48  Immortal (Chrono Boost)  
  146  11:55  Immortal (Chrono Boost)  
  146  11:57  Pylon  
  146  11:59  Pylon, Photon Cannon  
  146  12:01  Pylon  
  146  12:03  Photon Cannon  
  146  12:13  Zealot x3  
  152  12:26  Immortal (Chrono Boost)  
  160  12:35  Stalker x3, Immortal (Chrono Boost)  
  166  12:42  High Templar x3  
  166  12:59  Warp Prism (Chrono Boost)  
Tags
 
Add a new tag
Caveats
  • Supply blocks, unpowered buildings, or Contaminate may cause inaccurate times.
  • Supply counts are checked every 10 seconds.